 Dungeon Crawl Stone Soup version 0.17.1-1-g73c8601 (webtiles) character file.

2816 Implojin the Fighter (level 9, -6/98 HPs)
             Began as a Troll Fighter on Apr 4, 2016.
             Was a Priest of Cheibriados.
             Mangled by a yak (11 damage)
             ... on level 10 of the Dungeon.
             The game lasted 00:12:33 (1652 turns).

Implojin the Fighter (Troll Fighter)                Turns: 1652, Time: 00:12:34

Health: -6/98      AC:  6    Str: 33    XL:     9   Next: 44%
Magic:  8/8        EV: 14    Int: 11    God:    Cheibriados [***...]
Gold:   186        SH: 11    Dex: 24    Spells: 0 memorised, 8 levels left

rFire  . . .     SeeInvis .       - Unarmed
rCold  . . .     Clarity  .     a - +0 robe
rNeg   . . .     SustAt   +     b - +0 shield
rPois  +         Gourm    +     (helmet restricted)
rElec  .         Spirit   .     g - +0 cloak
rCorr  .         Warding  .     (gloves unavailable)
rMut   .         Stasis   .     (boots unavailable)
MR     .....                    (no amulet)
Stlth  +++.......               (no ring)
                                o - ring of sustain attributes

@: agile, very slow, not resistant to hostile enchantments, fairly stealthy
A: unfitting armour, claws 3, fast metabolism 3, gourmand, poison resistance,
regeneration 2, shaggy fur 1, tough skin 2
a: Bend Time, Temporal Distortion, Renounce Religion


You were on level 10 of the Dungeon.
You worshipped Cheibriados.
Cheibriados was most pleased with you.
You were completely stuffed.

You visited 1 branch of the dungeon, and saw 10 of its levels.
You also visited: Ossuary.

You collected 186 gold pieces.

Inventory:

Hand Weapons
 x - a +1 blowgun
Armour
 a - a +0 robe (worn)
 b - a +0 shield (worn)
 g - a +0 cloak (worn)
 l - a +1 robe of positive energy
Magical Staves
 e - an uncursed staff of poison {unknown}
 r - an uncursed staff of air {unknown}
 w - an uncursed staff of death {unknown}
Jewellery
 m - an uncursed amulet of rage
 o - a ring of sustain attributes (left claw)
Wands
 p - a wand of frost (46)
Scrolls
 h - a scroll of enchant weapon
 u - a scroll of recharging
 v - a scroll of remove curse
Potions
 i - a potion of haste
 j - 3 potions of brilliance
 n - a potion of magic {unknown}
Books
 q - a book of Summonings

   Spells                             Type                      Level
   a - Recall                         Summoning/Translocation      3
   b - Aura of Abjuration             Summoning                    5
   c - Shadow Creatures               Summoning                    5
   d - Summon Demon                   Summoning                    5
   e - Summon Forest                  Summoning/Translocation      5
   f - Summon Mana Viper              Hexes/Summoning              5
Comestibles
 c - 3 chunks of flesh
 d - 5 bread rations
 f - 5 beef jerkies
 s - a meat ration
 t - a royal jelly


   Skills:
 * Level 9.1 Fighting
 - Level 2.4 Dodging
 - Level 2.4 Shields
 - Level 8.2 Unarmed Combat


You had 8 spell levels left.
You didn't know any spells.

Dungeon Overview and Level Annotations

Branches:
Dungeon (10/15)
 Temple: D:4-7         Lair: D:8-11         Orc: D:9-12

Altars:
Cheibriados
Kikubaaqudgha
Trog
Zin

Shops:
D:8 (

Annotations:
D:3 Sigmund


Innate Abilities, Weirdness & Mutations

You are too large for most types of armour.
You have claws for hands.
Your metabolism is lightning-fast.
You like to eat raw meat.
You heal very quickly.
You are covered in fur (AC +1).
You have very tough skin (AC +2).
Your system is resistant to poisons.


Message History

Cheibriados thoroughly appreciates the change of pace.
The yak gores you!
* * * LOW HITPOINT WARNING * * *
You barely miss the yak.
The yak is lightly wounded.
The yak gores you.
* * * LOW HITPOINT WARNING * * *
You scratch the yak but do no damage.
The yak is lightly wounded.
The yak closely misses you. The yak misses you.
Unknown command.
You claw the yak!
The yak is heavily wounded.
You block the yak's attack. x2
Your shield prevents you from hitting the yak.
The yak is heavily wounded.
The yak gores you.
* * * LOW HITPOINT WARNING * * *
You block the yak's attack.
You scratch the yak.
The yak is heavily wounded.
The yak gores you!
* * * LOW HITPOINT WARNING * * *
The yak gores you!
* * * LOW HITPOINT WARNING * * *
You scratch the yak but do no damage.
The yak is heavily wounded.
You block the yak's attack. The yak gores you but does no damage.
You closely miss the yak.
The yak is heavily wounded.
The yak gores you!
* * * LOW HITPOINT WARNING * * *
Drink which item? (? for menu, Esc to quit)
Okay, then.
You fail to use your ability.
The yak barely misses you. The yak closely misses you.
You fail to use your ability.
The yak completely misses you. The yak misses you.
You fail to use your ability.
The yak gores you!
You die...

#...#.......o.
#...#.........
#...#......... ....
#...#......... .....
#...#..o......
#......#...#.........
#......#...#Y.o......
#......#.Y@#.........
#......##Y##.........
#.........(YYo.######
#..........)...#
#..............#
#..............#
...............#
...............#
...............#


You could see 2 yaks.

Vanquished Creatures
  Grinder (D:5)
  4 yaks (D:10)
  A wraith (D:10)
  A black bear (D:9)
  A necrophage (D:10)
  A wasp (D:8)
  A phantom (D:10)
  An ice beast (D:8)
  2 centaurs (D:10)
  An ogre (D:8)
  A giant frog (D:10)
  3 orc warriors (D:5)
  A big kobold (D:8)
  2 water moccasin zombies (Ossuary)
  5 orc priests
  A jelly (D:10)
  7 orc wizards
  A giant frog skeleton (D:4)
  An iguana (D:8)
  7 big kobold zombies (Ossuary)
  A hound zombie (D:5)
  2 mummies (Ossuary)
  A worker ant zombie (D:5)
  An adder (D:10)
  3 gnolls (D:5)
  A shadow imp (D:5)
  4 adder zombies
  2 giant geckos
  13 orcs
  A giant cockroach (D:6)
  A hobgoblin (D:2)
  9 jackals
  3 kobolds (D:8)
  A ball python (D:7)
  A giant gecko zombie (D:6)
  2 giant newts
  3 gnoll zombies (Ossuary)
  2 hobgoblin zombies (Ossuary)
  5 kobold zombies (Ossuary)
  An orc zombie (Ossuary)
  A quokka (D:5)
  2 rats
103 creatures vanquished.

Notes
Turn   | Place    | Note
--------------------------------------------------------------
     0 | D:1      | Implojin the Troll Fighter began the quest for the Orb.
     0 | D:1      | Reached XP level 1. HP: 22/22 MP: 0/0
   136 | D:2      | Reached XP level 2. HP: 29/29 MP: 1/1
   162 | D:3      | Noticed Sigmund
   187 | D:4      | Reached skill level 3 in Unarmed Combat
   199 | D:4      | Found a bloodstained altar of Trog.
   199 | D:4      | Found a snail-covered altar of Cheibriados.
   206 | D:4      | Reached XP level 3. HP: 11/36 MP: 2/2
   212 | D:4      | Became a worshipper of Cheibriados the Contemplative
   237 | D:4      | Noticed a sky beast
   239 | D:4      | Found an ancient bone altar of Kikubaaqudgha.
   247 | D:5      | Entered Level 5 of the Dungeon
   265 | D:5      | Reached skill level 4 in Unarmed Combat
   265 | D:5      | Reached XP level 4. HP: 28/44 MP: 3/3
   305 | D:5      | Noticed Grinder
   346 | D:5      | Killed Grinder
   346 | D:5      | Reached skill level 6 in Unarmed Combat
   346 | D:5      | Reached XP level 5. HP: 36/50 MP: 4/4
   346 | D:5      | Reached XP level 6. HP: 42/59 MP: 5/5
   465 | D:5      | Found a sand-covered staircase.
   470 | Ossuary  | Entered an ossuary
   518 | Ossuary  | Reached skill level 7 in Unarmed Combat
   536 | Ossuary  | Reached * piety under Cheibriados
   571 | Ossuary  | Reached XP level 7. HP: 60/66 MP: 6/6
   615 | Ossuary  | Reached skill level 8 in Unarmed Combat
   754 | D:5      | Reached skill level 3 in Fighting
   772 | D:6      | Reached ** piety under Cheibriados
   779 | D:5      | HP: 3/67 [orc warrior/war axe (16)]
   840 | D:5      | Reached skill level 4 in Fighting
   948 | D:6      | Reached XP level 8. HP: 63/79 MP: 7/7
   972 | D:5      | Reached skill level 5 in Fighting
  1067 | D:8      | Found Byvura's Weapon Shop.
  1120 | D:8      | Reached *** piety under Cheibriados
  1198 | D:8      | Paralysed by a wasp for 3 turns
  1202 | D:8      | Reached skill level 6 in Fighting
  1251 | D:8      | Gained mutation: Your system is resistant to poisons. [potion of beneficial mutation]
  1345 | D:8      | Found a glowing silver altar of Zin.
  1483 | D:10     | Entered Level 10 of the Dungeon
  1509 | D:10     | Reached skill level 7 in Fighting
  1583 | D:10     | Reached XP level 9. HP: 37/96 MP: 3/8
  1610 | D:10     | Reached skill level 8 in Fighting
  1640 | D:10     | Reached skill level 9 in Fighting
  1649 | D:10     | HP: 3/98 [yak (7)]
  1652 | D:10     | Mangled by a yak

Action                   |  1- 3 |  4- 6 |  7- 9 || total
-------------------------+-------+-------+-------++-------
Melee: Unarmed           |    39 |    94 |   232 ||   365
Invok: Temporal Distorti |       |       |     1 ||     1
Evoke: Wand              |       |       |     1 ||     1
  Use: Scroll            |       |       |    11 ||    11
       Potion            |       |       |     4 ||     4
 Stab: Sleeping          |       |       |     1 ||     1
  Eat: Chunk             |     6 |     2 |    10 ||    18

Table legend:
 A = Turns spent in this place as a percentage of turns spent in the entire game.
 B = Non-inter-level travel turns spent in this place as a percentage of non-inter-level travel turns spent in the entire game.
 C = Inter-level travel turns spent in this place as a percentage of turns spent in this place.
 D = Turns resting spent in this place as a percentage of non-inter-level travel turns spent in this place.
 E = Turns spent auto-exploring this place as a percentage of non-inter-level travel turns spent in this place.
 F = Non-inter-level travel turns spent in this place divided by the number of levels of this place that you've seen.
                   A       B       C       D       E      F
               +-------+-------+-------+-------+-------+----------------------
         Total | 100.0 | 100.0 |   0.0 |   0.0 |   0.0 | 148.9
       Dungeon |  89.5 |  89.5 |   0.0 |   0.0 |   0.0 | 146.6
       Ossuary |  10.5 |  10.5 |   0.0 |   0.0 |   0.0 | 172.0
               +-------+-------+-------+-------+-------+----------------------

Table legend:
 A = Kills in this place as a percentage of kills in entire the game.
 B = Kills by you in this place as a percentage of kills by you in the entire game.
 C = Kills by friends in this place as a percentage of kills by friends in the entire game.
 D = Other kills in this place as a percentage of other kills in the entire game.
 E = Experience gained in this place as a percentage of experience gained in the entire game.
 F = Experience gained in this place divided by the number of levels of this place that you have seen.
                   A       B       C       D       E      F
               +-------+-------+-------+-------+-------+----------------------
         Total | 100.0 | 100.0 |  -nan |  -nan | 100.0 | 365.8
       Dungeon |  75.7 |  75.7 |  -nan |  -nan |  89.9 | 361.9
       Ossuary |  24.3 |  24.3 |  -nan |  -nan |  10.1 | 405.0
               +-------+-------+-------+-------+-------+----------------------
